 Dungeon Crawl Stone Soup version 0.26.1-10-gdfb7c7de75 (webtiles) character file.

Game seed: 7275089524352473275

242402 OdinFK the Lord of Darkness (level 19, -2/104 HPs)
             Began as a Vine Stalker Necromancer on Apr 1, 2021.
             Was the Champion of Kikubaaqudgha.
             Killed from afar by an Ice Fiend (25 damage)
             ... with a bolt of cold
             ... on level 1 of the Depths on Apr 3, 2021.
             The game lasted 04:21:43 (34563 turns).

OdinFK the Lord of Darkness (VSNe)                 Turns: 34563, Time: 04:21:44

Health: -2/104     AC: 17    Str: 11 (16) XL:     19   Next: 38%
Magic:  0/33       EV: 21    Int: 14 (17) God:    Kikubaaqudgha [******]
Gold:   4645       SH:  7    Dex: 14 (16) Spells: 6/24 levels left

rFire    . . .     SeeInvis .   b - +9 double sword (spect)
rCold    . . .     Faith    .   B - +1 buckler
rNeg     + . .     Spirit   +   J - +4 leather armour of the Forest {rN+ MP+9}
rPois    +         Reflect  .   d - +1 helmet
rElec    .         Harm     .   Q - +2 cloak
rCorr    .         Rampage  .   r - +2 pair of gloves
Will     ++...                  G - +1 pair of boots
Stlth    ++++++....             x - amulet of magic regeneration
HPRegen  1.07/turn              n - ring of poison resistance
MPRegen  0.48/turn              S - +4 ring of evasion

@: no status effects
A: fangs 3, sense surroundings 1, regeneration 2, magic shield, antimagic bite,
no potion heal 3
}: 2/15 runes: decaying, gossamer
a: Renounce Religion, Receive Corpses, Torment, Brand Weapon With Pain, Receive
Necronomicon


You were on level 1 of the Depths.
You worshipped Kikubaaqudgha.
Kikubaaqudgha was exalted by your worship.
You visited 7 branches of the dungeon, and saw 33 of its levels.

You collected 5015 gold pieces.
You spent 370 gold pieces at shops.

Inventory:

Hand Weapons
 a - a +4 dagger of venom
 b - a +9 spectral double sword (weapon)
Missiles
 v - 5 throwing nets (quivered)
 z - 8 boomerangs of dispersal
 Y - 6 curare-tipped darts
Armour
 d - a +1 helmet (worn)
 r - a +2 pair of gloves (worn)
 B - a +1 buckler (worn)
 G - a +1 pair of boots (worn)
 J - the +4 leather armour of the Forest (worn) {rN+ MP+9}
   (You found it on level 5 of the Lair of Beasts)

   It protects you from negative energy.
   It affects your magic capacity (+9).
 Q - a +2 cloak (worn)
 W - the +1 ring mail "Iteas" {+Inv rC+++ Dex-5 Slay+2}
   (You found it on level 1 of the Lair of Beasts)

   It affects your dexterity (-5).
   It affects your accuracy and damage with ranged weapons and melee attacks
   (+2).
   It renders you almost immune to cold.
   It lets you turn invisible.
Magical Staves
 i - an uncursed staff of death
Jewellery
 j - an uncursed ring of resist corrosion
 l - an uncursed ring of flight
 n - a ring of poison resistance (left hand)
 x - an amulet of magic regeneration (around neck)
 I - an uncursed amulet of regeneration
 N - an uncursed ring of positive energy
 S - a +4 ring of evasion (right hand)
 T - a +6 ring of intelligence
Wands
 A - a wand of disintegration (35)
 H - a wand of flame (65)
 L - a wand of acid (26)
 P - a wand of digging (7)
 R - a wand of paralysis (17)
 U - a wand of iceblast (29)
Scrolls
 f - 5 scrolls of fear
 p - 4 scrolls of immolation
 t - a scroll of teleportation
 u - 8 scrolls of remove curse
 w - 8 scrolls of enchant weapon
 y - 2 scrolls of vulnerability
 C - 7 scrolls of fog
 M - 5 scrolls of magic mapping
 O - a scroll of summoning
 V - 5 scrolls of enchant armour
Potions
 c - 6 potions of curing
 h - a potion of haste
 k - 6 potions of brilliance
 m - 5 potions of might
 s - 10 potions of ambrosia
 D - 5 potions of magic
 X - a potion of berserk rage
Miscellaneous
 o - a condenser vane
 q - a lightning rod (4/4)
 E - a phial of floods
 F - a box of beasts (inert)
 K - a phantom mirror


   Skills:
 + Level 13.0 Fighting
 - Level 9.6(10.7) Short Blades
 + Level 7.7(9.9) Long Blades
 - Level 2.0 Throwing
 - Level 2.0 Armour
 - Level 9.0 Dodging
 + Level 16.5 Stealth
 - Level 7.0 Shields
 - Level 3.0 Spellcasting
 + Level 17.8 Necromancy
 - Level 3.0 Translocations
 + Level 9.7 Earth Magic
 - Level 7.5 Evocations


You had 6 spell levels left.
You knew the following spells:

 Your Spells              Type           Power        Failure   Level
a - Animate Dead          Necr           25%          1%          4
b - Borgnjor's Vile Clut  Necr/Erth      20%          2%          5
c - Vampiric Draining     Necr           25%          1%          3
d - Agony                 Necr           51%          1%          5
e - Apportation           Tloc           20%          9%          1

Your spell library contained the following spells:

 Spells                   Type           Power        Failure   Level
 Animate Skeleton         Necr           100%         1%          1
 Pain                     Necr           100%         1%          1
 Sandblast                Erth           58%          1%          1
 Corpse Rot               Necr/Air       N/A          1%          2
 Sublimation of Blood     Necr           25%          1%          2
 Dispel Undead            Necr           51%          1%          4
 Excruciating Wounds      Necr           25%          1%          5
 Death Channel            Necr           25%          2%          6
 Passwall                 Tmut/Erth      12%          6%          2
 Blink                    Tloc           N/A          12%         2
 Stone Arrow              Conj/Erth      30%          12%         3
 Lee's Rapid Deconstruct  Erth           14%          14%         5
 Beastly Appendage        Tmut           4%           28%         1
 Corona                   Hex            2%           28%         1
 Magic Dart               Conj           8%           28%         1
 Sting                    Tmut/Pois      8%           28%         1
 Summon Small Mammal      Summ           8%           28%         1
 Petrify                  Tmut/Erth      15%          36%         4
 Call Imp                 Summ           2%           38%         2
 Poisonous Vapours        Pois/Air       4%           38%         2
 Searing Ray              Conj           4%           38%         2
 Slow                     Hex            2%           38%         2
 Wereblood                Tmut           2%           38%         2
 Conjure Flame            Conj/Fire      2%           63%         3
 Dazzling Flash           Conj/Hex       4%           63%         3
 Ignite Poison            Fire/Tmut/Pois 2%           63%         3
 Mephitic Cloud           Conj/Pois/Air  2%           63%         3
 Spider Form              Tmut/Pois      1%           63%         3
 Simulacrum               Ice/Necr       13%          73%         6
 Iskenderun's Mystic Bla  Conj/Tloc      6%           83%         4
 Fulminant Prism          Conj/Hex       1%           95%         4
 Ice Form                 Ice/Tmut       2%           95%         4
 Olgreb's Toxic Radiance  Pois           2%           95%         4
 Summon Lightning Spire   Summ/Air       2%           95%         4
 Summon Forest            Summ/Tloc      3%           99%         5
 Statue Form              Tmut/Erth      10%          99%         6
 Blade Hands              Tmut           1%           100%        5
 Lightning Bolt           Conj/Air       1%           100%        5
 Silence                  Hex/Air        1%           100%        5
 Summon Demon             Summ           1%           100%        5
 Summon Mana Viper        Hex/Summ       2%           100%        5
 Conjure Ball Lightning   Conj/Air       1%           100%        6
 Shadow Creatures         Summ           N/A          100%        6
 Summon Hydra             Summ           1%           100%        7
 Tornado                  Air            1%           100%        9


Dungeon Overview and Level Annotations

Branches:
Dungeon (15/15)            Temple (1/1) D:5            Lair (6/6) D:10
  Swamp (4/4) Lair:2       Spider (4/4) Lair:4        Slime (0/5) Lair:5
    Orc (2/2) D:10            Elf (0/3) Orc:2        Depths (1/5) D:15
 Vaults: D:13-14

Altars:
Ashenzari
Cheibriados
Dithmenos
Elyvilon
Fedhas
Gozag
Hepliaklqana
Kikubaaqudgha
Makhleb
Nemelex Xobeh
Okawaru
Qazlal
Ru
Sif Muna
Trog
Uskayaw
Vehumet
Wu Jian
Xom
Yredelemnul
Zin
The Shining One
Beogh
Jiyva
Lugonu

Shops:
D:6 :   Orc:2 :(*(!

Portals:
Abyss: Spider:2

Annotations:
D:5 1 runed translucent door
Lair:6 Snorg
Swamp:1 Donald
Spider:2 Arachne
Spider:3 Bai Suzhen


Innate Abilities, Weirdness & Mutations

You have razor-sharp teeth.
You heal very quickly.
When hurt, damage is shared between your health and your magic reserves.
Your bite disrupts and absorbs the magic of your enemies.
Potions cannot restore your health.
You passively map a small area around you.


Message History

You slash the Ice Fiend!
The Ice Fiend is lightly wounded.
The Ice Fiend gestures at you. The bolt of cold hits you!!
* * * LOW HITPOINT WARNING * * *
The bolt of cold hits your spectral weapon!
Your spectral weapon resists.
Your spectral weapon shares its damage with you!
* * * LOW HITPOINT WARNING * * *
You swap places.
The Ice Fiend claws your spectral weapon!
Your spectral weapon shares its damage with you!
Your spectral weapon fades away.
* * * LOW HITPOINT WARNING * * *
Things that are here:
a +0 troll leather armour; a deep troll corpse The Ice Fiend gestures at you.
The bolt of cold hits you!!
You die...
Kikubaaqudgha rasps: "You have failed me!
Welcome... death!"

, ≈ ≈≈.≈≈≈≈ ≈≈5Y4≈≈≈
≈≈Y≈.≈≈### ############# ≈
≈≈≈≈≈..+.# #...........^ ≈
≈≈≈≈≈..#.#########...###...###
≈≈≈≈≈..#.##.....[....# *#.## *
, ≈≈≈≈≈..#.....@[.[....## *##
≈≈≈≈.....#######1#....#
≈≈≈≈.....# ##.##.....# ,
≈≈≈≈≈..#+#####1###....## ≈
≈≈≈≈≈........WO.##...## +*
≈≈≈≈≈.......).Y.##...# **,
≈≈≈≈≈.$....[.$..+....# *
≈≈Y≈.≈≈.........###..#
..Wh≈≈≈.......^.# ..#


You could see an Ice Fiend.

Vanquished Creatures
  Jorgrun (D:12)
  A thorn hunter (Swamp:4)
  A fenstrider witch (Swamp:2)
  An orc warlord (D:15)
  2 ghost moths (Spider:4)
  4 emperor scorpions
  3 ghouls
  Azrael (Spider:3)
  4 spark wasps
  5 entropy weavers
  3 eleionomae
  Josephine (D:10)
  2 ogre magi
  A rakshasa (D:15)
  A yaktaur captain (D:12)
  22 hydras
  Harold (Lair:1)
  7 centaur warriors
  3 boulder beetles
  3 catoblepae (Lair:6)
  4 ghost crabs
  9 alligators
  Erica (D:10)
  2 death knights (D:12)
  14 two-headed ogres
  A deep troll shaman (Depths:1)
  8 death scarabs (Spider:4)
  2 deep troll earth magi (Depths:1)
  9 death yaks
  6 orc high priests
  Urug (D:13)
  8 spriggan druids
  2 deep trolls (Depths:1)
  A goliath frog (Swamp:3)
  10 swamp dragons
  3 unseen horrors
  5 spectral wolf spiders (Spider:4)
  Pikel (D:6)
  8 bog bodies
  10 orb spiders
  A wizard (D:13)
  A deep elf archer (D:14)
  A necromancer (D:15)
  3 orc knights
  7 deep elf magi
  3 lindwurms
  An ugly thing (D:12)
  2 will-o-the-wisps
  2 wolf spider zombies (Spider:4)
  3 manticores
  22 wolf spiders
  5 moths of wrath
  7 orc sorcerers
  5 cyclopes
  Maurice (D:9)
  4 elephants (Lair:4)
  A black mamba (shapeshifter) (D:15)
  8 black mambas
  16 cane toads
  2 gargoyles
  A cane toad (shapeshifter) (D:12)
  3 torpor snails
  An efreet (D:15)
  4 komodo dragons
  A komodo dragon (shapeshifter) (D:14)
  5 rime drakes
  5 redback zombies (Spider:4)
  17 demonic crawlers
  2 yaktaurs
  3 freezing wraiths
  2 kobold demonologists
  A tengu conjurer (D:11)
  A queen bee (D:14)
  8 trolls
  31 jumping spiders
  5 meliai
  A bloated husk (Swamp:2)
  6 polar bears
  12 hornets
  6 tyrant leeches
  A jumping spider zombie (Spider:4)
  3 spectral jumping spiders (Spider:4)
  A spectral tarantella (Spider:4)
  30 blink frogs
  10 spriggans
  4 fire elementals (Spider:3)
  6 wyverns
  2 centaur simulacra (D:15)
  66 redbacks
  69 yaks
  33 tarantellas
  4 shadows
  7 wraiths
  11 basilisks
  A golden eye (shapeshifter) (D:13)
  Grum (Lair:1)
  12 vampire mosquitoes
  15 swamp worms
  3 wargs
  An acid dragon (D:14)
  11 water moccasins
  3 spectral hornets (Spider:4)
  3 hell hounds (Spider:3)
  5 ice beasts
  3 hornet zombies
  4 phantoms
  7 swamp drakes
  35 orc warriors
  2 necrophages
  5 eyes of draining
  3 sky beasts
  3 black bears
  21 ogres
  17 centaurs
  24 wolves
  2 lemures (D:6)
  4 big kobolds
  25 bullfrogs
  9 scorpions
  27 killer bees
  15 wights
  6 howler monkeys
  4 electric eels
  A bullfrog zombie (D:8)
  A crimson imp (Orc:1)
  2 centaur zombies
  6 hounds
  A quasit (D:11)
  An iron imp (Orc:1)
  3 jellies
  7 centaur skeletons
  38 orc priests
  41 orc wizards
  3 bullfrog skeletons
  Natasha (D:3)
  22 worker ants
  3 iguanas
  A hound skeleton (D:9)
  Robin (D:2)
  2 worker ant zombies
  4 gnolls
  14 adders
  2 shadow imps
  2 white imps
  2 ufetubi (D:5)
  An ooze (D:3)
  An adder zombie (D:8)
  2 worms
  3 dart slugs
  7 leopard geckos
  109 orcs
  2 ball pythons (D:3)
  8 giant cockroaches
  11 goblins
  9 hobgoblins
  6 jackals
  8 quokkas
  4 bats
  5 frilled lizards
  13 kobolds
  A leopard gecko skeleton (D:5)
  3 rats
  3 briar patches (Swamp:4)
1254 creatures vanquished.

Vanquished Creatures (collateral kills)
  Aizul (Spider:2)
  A bunyip (Swamp:1)
  An entropy weaver (Spider:2)
  A hydra (Swamp:4)
  A death yak (Lair:6)
  A goliath frog (Swamp:1)
  2 wolf spiders
  An orb spider (Spider:1)
  2 tyrant leeches (Lair:2)
  A redback (Spider:2)
  A yak (Lair:6)
  A swamp drake (Swamp:4)
  A bullfrog zombie (D:6)
  A hound zombie (D:5)
  An orc (D:5)
  A kobold (D:1)
18 creatures vanquished.

Vanquished Creatures (others)
  A howler monkey zombie (D:7)
  3 orcs
  2 briar patches (Swamp:4)
  A bush (Lair:6)
  66 fungi
  A lurking horror (Spider:2)
  92 plants
  23 withered plants
189 creatures vanquished.

Grand Total: 1461 creatures vanquished

Notes
Turn   | Place    | Note
-------+----------+-------------------------------------------
     0 | D:1      | OdinFK the Vine Stalker Necromancer began the quest for the
                  | Orb.
     0 | D:1      | Reached XP level 1. HP: 9/9 MP: 4/4
   157 | D:1      | Reached XP level 2. HP: 2/14 MP: 3/6
   171 | D:1      | Learned a level 1 spell: Animate Skeleton
  1063 | D:2      | Found a sacrificial altar of Ru.
  1070 | D:2      | Reached skill level 1 in Fighting
  1075 | D:2      | Reached XP level 3. HP: 15/18 MP: 5/7
  1466 | D:2      | Learned a level 3 spell: Vampiric Draining
  1562 | D:2      | Noticed Robin
  1680 | D:2      | Killed Robin
  1681 | D:2      | Gained mutation: Your natural rate of healing is unusually
                  | fast. [Vine Stalker growth]
  1681 | D:2      | Reached XP level 4. HP: 15/22 MP: 3/8
  2090 | D:3      | Found a white marble altar of Elyvilon.
  2156 | D:3      | You fall into a shaft and drop 1 floor!
  2734 | D:3      | Noticed Natasha
  2748 | D:3      | Killed Natasha
  2749 | D:3      | Reached skill level 5 in Necromancy
  2749 | D:3      | Reached XP level 5. HP: 25/26 MP: 7/9
  2816 | D:4      | Noticed a centaur
  2827 | D:4      | Killed a centaur
  2930 | D:4      | Found a glowing golden altar of the Shining One.
  3138 | D:4      | Reached skill level 6 in Necromancy
  3138 | D:4      | Reached XP level 6. HP: 27/30 MP: 4/10
  3431 | D:5      | Entered Level 5 of the Dungeon
  3589 | D:5      | Found a hazy altar of Hepliaklqana.
  3659 | D:5      | Reached skill level 1 in Evocations
  3823 | D:5      | Found a runed translucent door.
  3850 | D:5      | Reached XP level 7. HP: 35/35 MP: 11/11
  3998 | D:5      | Found a staircase to the Ecumenical Temple.
  4007 | Temple   | Entered the Ecumenical Temple
  4255 | D:5      | Found a bloodstained altar of Trog.
  4301 | D:5      | Found a runed translucent door.
  4361 | D:5      | Reached skill level 1 in Shields
  4410 | D:5      | Reached skill level 5 in Stealth
  4423 | D:5      | Reached skill level 1 in Short Blades
  4450 | D:5      | Gained mutation: You have razor-sharp teeth. [Vine Stalker
                  | growth]
  4450 | D:5      | Reached XP level 8. HP: 40/40 MP: 6/12
  4504 | D:6      | Found Meonnu's Book Boutique.
  4525 | D:6      | Reached skill level 7 in Necromancy
  4808 | D:6      | Reached skill level 8 in Necromancy
  4965 | D:6      | Reached skill level 9 in Necromancy
  5044 | D:6      | Reached XP level 9. HP: 45/45 MP: 13/13
  5425 | D:6      | Noticed Pikel
  5457 | D:6      | Killed Pikel
  5907 | D:7      | Reached skill level 1 in Throwing
  6074 | D:7      | Reached XP level 10. HP: 32/51 MP: 7/14
  6088 | D:7      | Reached skill level 5 in Fighting
  6157 | D:7      | Learned a level 5 spell: Agony
  6720 | D:8      | Found a broken altar of Ashenzari.
  6767 | D:8      | Found a stormy altar of Qazlal.
  7117 | D:8      | You fall into a shaft and drop 3 floors!
  7234 | D:11     | Reached skill level 10 in Necromancy
  7251 | D:10     | Entered Level 10 of the Dungeon
  7251 | D:10     | Found a staircase to the Lair.
  7501 | D:9      | Found an ancient bone altar of Kikubaaqudgha.
  7502 | D:9      | Found a blossoming altar of Fedhas.
  7509 | D:9      | Found a basalt altar of Yredelemnul.
  7511 | D:9      | Noticed Maurice
  7617 | D:9      | Paralysed by Maurice for 6 turns
  7619 | D:9      | Reached skill level 11 in Necromancy
  7632 | D:9      | Killed Maurice
  7927 | D:9      | Reached XP level 11. HP: 46/56 MP: 12/15
  8196 | D:9      | Became a worshipper of Kikubaaqudgha
  8278 | D:10     | Reached skill level 12 in Necromancy
  8472 | D:10     | Found a staircase to the Orcish Mines.
  8571 | D:10     | Reached * piety under Kikubaaqudgha
  8571 | D:10     | Identified Kikubaaqudgha's Incunabulum of Unholy Magic
                  | (Kikubaaqudgha gifted it to you on level 10 of the Dungeon)
  8571 | D:10     | Received a gift from Kikubaaqudgha
  8768 | D:10     | Identified the Guide on the Ashen Birds
  8778 | D:10     | Noticed a two-headed ogre
  8791 | D:10     | Noticed Erica
  8803 | D:10     | Killed Erica
  8951 | Lair:1   | Entered Level 1 of the Lair of Beasts
  9000 | Lair:1   | Got a jewelled ring mail
  9020 | Lair:1   | Identified the +1 ring mail "Iteas" {+Inv rC+++ Dex-5
                  | Slay+2} (You found it on level 1 of the Lair of Beasts)
  9137 | Lair:1   | Noticed a four-headed hydra
  9161 | Lair:1   | Noticed Grum
  9239 | Lair:1   | Killed a four-headed hydra
  9527 | Lair:1   | Noticed Harold
  9910 | Lair:2   | Reached skill level 5 in Short Blades
 10084 | Lair:2   | Reached skill level 5 in Dodging
 10180 | Lair:2   | Gained mutation: You heal very quickly. [Vine Stalker
                  | growth]
 10180 | Lair:2   | Reached XP level 12. HP: 57/63 MP: 2/17
 10215 | Lair:2   | Noticed a six-headed hydra
 10394 | Lair:2   | Noticed a five-headed hydra
 10529 | Lair:2   | Reached ** piety under Kikubaaqudgha
 10848 | Lair:3   | Learned a level 4 spell: Animate Dead
 10898 | Lair:3   | Noticed a seven-headed hydra
 11033 | Lair:3   | Reached skill level 13 in Necromancy
 11724 | Lair:4   | Reached skill level 14 in Necromancy
 12147 | Lair:4   | You fall into a shaft and drop 2 floors!
 12147 | Lair:6   | Entered Level 6 of the Lair of Beasts
 12148 | Lair:6   | Noticed a death yak
 12148 | Lair:6   | Noticed a death yak
 12151 | Lair:6   | Noticed a death yak
 12163 | Lair:6   | Noticed a death yak
 12164 | Lair:6   | Noticed a death yak
 12165 | Lair:6   | Noticed a death yak
 12165 | Lair:6   | Noticed a death yak
 12230 | Lair:5   | Reached XP level 13. HP: 54/68 MP: 13/18
 12367 | Lair:5   | Got an ichor-stained leather armour
 12556 | Lair:4   | Found a hole to the Spider Nest.
 12818 | Lair:4   | Identified the +4 leather armour of the Forest {rN+ MP+9}
                  | (You found it on level 5 of the Lair of Beasts)
 13154 | Lair:5   | Reached *** piety under Kikubaaqudgha
 13154 | Lair:5   | Identified Kikubaaqudgha's Collected Works on Dark Rituals
                  | (Kikubaaqudgha gifted it to you on level 5 of the Lair of
                  | Beasts)
 13154 | Lair:5   | Received a gift from Kikubaaqudgha
 13155 | Lair:5   | Reached skill level 1 in Armour
 13559 | Lair:5   | Found a viscous altar of Jiyva.
 13560 | Lair:5   | Found a staircase to the Slime Pits.
 13570 | Lair:5   | Reached skill level 10 in Stealth
 14560 | Lair:6   | Noticed Snorg
 14652 | Lair:6   | Reached **** piety under Kikubaaqudgha
 14703 | Lair:5   | Learned a level 5 spell: Borgnjor's Vile Clutch
 15052 | Lair:2   | Reached skill level 1 in Earth Magic
 15122 | Lair:2   | Found a staircase to the Swamp.
 15283 | Lair:1   | Killed Grum
 15295 | Lair:1   | Reached XP level 14. HP: 71/75 MP: 11/19
 15301 | Lair:1   | Killed Harold
 15329 | Lair:1   | Got a transparent trident
 15788 | D:11     | Learned a level 1 spell: Apportation
 16812 | D:12     | Noticed Jorgrun
 16841 | D:12     | Killed Jorgrun
 17349 | D:12     | Reached ***** piety under Kikubaaqudgha
 17482 | D:12     | Reached skill level 15 in Necromancy
 18023 | D:12     | Reached skill level 10 in Fighting
 18045 | D:12     | Reached skill level 1 in Long Blades
 18646 | D:13     | Reached skill level 5 in Earth Magic
 18685 | D:13     | Noticed Urug
 18690 | D:13     | Killed Urug
 19356 | D:14     | Reached XP level 15. HP: 80/80 MP: 19/20
 19448 | D:14     | Reached skill level 16 in Necromancy
 20215 | D:15     | Entered Level 15 of the Dungeon
 20875 | D:15     | Found a runed translucent door.
 20891 | D:15     | Reached skill level 5 in Evocations
 21305 | D:15     | Paralysed by an orc sorcerer for 6 turns
 21320 | D:15     | Found a staircase to the Depths.
 21421 | D:15     | Noticed an orc warlord
 21473 | D:15     | Killed an orc warlord
 21614 | D:15     | Found a roughly hewn altar of Beogh.
 21933 | Lair:5   | Reached skill level 5 in Shields
 22080 | Lair:6   | Reached ****** piety under Kikubaaqudgha
 22399 | Lair:6   | Reached XP level 16. HP: 86/86 MP: 3/21
 22930 | Spider:1 | Entered Level 1 of the Spider Nest
 23669 | Spider:2 | Noticed Aizul
 23704 | Spider:2 | Killed Aizul
 23857 | Spider:2 | Noticed Arachne
 23892 | Spider:2 | Found a corrupted altar of Lugonu.
 24086 | Orc:1    | Entered Level 1 of the Orcish Mines
 24370 | Orc:1    | Noticed Josephine
 24426 | D:10     | Killed Josephine
 25130 | Orc:2    | Entered Level 2 of the Orcish Mines
 25243 | Orc:2    | Found Xuip's Distillery.
 25589 | Orc:2    | Found a staircase to the Elven Halls.
 25733 | Orc:2    | Gained mutation: You are occasionally teleported next to
                  | monsters. [a neqoxec]
 25743 | Orc:1    | Lost mutation: You are occasionally teleported next to
                  | monsters. [potion of mutation]
 25743 | Orc:1    | Gained mutation: You are clumsy. (Dex -2) [potion of
                  | mutation]
 25743 | Orc:1    | Gained mutation: You passively map a small area around you.
                  | [potion of mutation]
 25743 | Orc:1    | Lost mutation: You are clumsy. (Dex -2) [potion of
                  | mutation]
 25825 | Orc:2    | Found Qaysarghe's Antique Weapon Shoppe.
 25825 | Orc:2    | Found Pepsaed's Antique Weapon Emporium.
 25830 | Orc:2    | Found Ziery's Book Emporium.
 25832 | Orc:2    | Found Unak's Assorted Antiques.
 25838 | Orc:2    | Bought a scroll labelled NIVUOH EMISME for 29 gold pieces
 25838 | Orc:2    | Bought a brown potion for 26 gold pieces
 25838 | Orc:2    | Bought a brown potion for 26 gold pieces
 25852 | Orc:2    | Bought an iridescent long sword for 289 gold pieces
 25853 | Orc:2    | Identified the +1 long sword "Budduo" {freeze, rF+ Will+}
                  | (You bought it in a shop on level 2 of the Orcish Mines)
 25858 | Orc:2    | Identified the cursed +0 trident of Big Damage {vorpal,
                  | Int+6 Dex+2} (You found it on level 1 of the Lair of
                  | Beasts)
 26204 | Swamp:1  | Entered Level 1 of the Swamp
 26293 | Swamp:1  | Noticed Donald
 26429 | Swamp:1  | Reached XP level 17. HP: 91/91 MP: 7/22
 27078 | Swamp:2  | Paralysed by a fenstrider witch for 6 turns
 27453 | Swamp:2  | Reached skill level 17 in Necromancy
 27796 | Swamp:3  | Reached skill level 5 in Long Blades
 28265 | Swamp:3  | Reached skill level 15 in Stealth
 28453 | Swamp:4  | Entered Level 4 of the Swamp
 28490 | Swamp:3  | Reached skill level 1 in Translocations
 30115 | Swamp:4  | Reached XP level 18. HP: 97/98 MP: 22/23
 30285 | Swamp:4  | Got a decaying rune of Zot
 30652 | Spider:2 | Found a one-way gate to the infinite horrors of the Abyss.
 30990 | Spider:3 | Noticed Bai Suzhen
 31047 | Spider:3 | Noticed Azrael
 31122 | Spider:3 | Killed Azrael
 32137 | Spider:4 | Entered Level 4 of the Spider Nest
 33202 | Spider:4 | Found the +11 plutonium sword {*Contam Stlth-}
 33379 | Spider:4 | Reached XP level 19. HP: 82/103 MP: 17/24
 33953 | Spider:4 | Got a gossamer rune of Zot
 34472 | Depths:1 | Entered Level 1 of the Depths
 34549 | Depths:1 | Noticed an Ice Fiend
 34563 | Depths:1 | Killed from afar by an Ice Fiend

Illustrated notes

Levels and vault maps discovered:
D:1:      shiori_arrival_elements, layout_basic, serial_co_window_serial,
          co_window_paths_b, co_window_of_opportunity_a, co_window_paths_b,
          co_window_paths_a, co_window_corner_a, co_window_corner_cb,
          co_window_2corner, glass_columns_a, glass_columns_b
D:2:      layout_basic, serial_forest, infiniplex_forest_zigzag_1,
          infiniplex_forest_clump_curved, infiniplex_forest_lined_2,
          infiniplex_forest_lined_2, infiniplex_forest_side_room,
          infiniplex_forest_straight_2, infiniplex_forest_straight_1,
          infiniplex_forest_lined_room_2, nicolae_ru_awakened_eye, uniq_robin
D:3:      layout_basic, elyvilon_altar_1, uniq_natasha
D:4:      layout_loops_corners, nicolae_tso_swordbearing_angel
D:5:      lemuel_insect_pit, layout_basic, old_standard_altar,
          lemuel_coloured_pillars_altar, minmay_temple_entry_trees,
          grunt_decor_clamped
D:6:      layout_rooms, serial_shops, shop, uniq_pikel
D:7:      layout_cave_pods
D:8:      layout_loops_ring, nicolae_overflow_hidden_temple,
          kennysheep_mini_moat, chequers_big_river
D:9:      layout_rooms, grunt_temple_overflow_growth_and_decay,
          overflow_temple_1_default, uniq_maurice
D:10:     layout_rooms, lair_entry_dummy, david_orc_4, uniq_erica
D:11:     layout_layer_cave
D:12:     minmay_the_grid_square_5x5_4x4_mashed
          [minmay_the_grid_square_5x5_fancy_junction,
          minmay_the_grid_square_5x5_spiral_small,
          minmay_the_grid_square_5x5_shrine2,
          minmay_the_grid_square_5x5_trominoes,
          minmay_the_grid_square_5x5_hollow_slash,
          minmay_the_grid_square_5x5_prize_monsterx,
          minmay_the_grid_square_5x5_prize_gold,
          minmay_the_grid_square_5x5_n_small,
          minmay_the_grid_square_5x5_eight_small,
          minmay_the_grid_square_5x5_prize_snowflake,
          minmay_the_grid_square_5x5_prize_junk,
          minmay_the_grid_square_5x5_intrusive_squares,
          minmay_the_grid_square_5x5_longway,
          minmay_the_grid_square_5x5_beaten_path,
          minmay_the_grid_square_5x5_inner_v,
          minmay_the_grid_square_5x5_gyroscope], layout_irregular_city,
          uniq_jorgrun
D:13:     layout_roguey, lightli_vaults_fourway_checkpoint, uniq_urug
D:14:     minmay_ambush_box, layout_small_grid, minmay_misc_feat_five,
          special_room [special_room_bee], hangedman_decor_diamond_cutter
D:15:     grunt_enter_depths_magical_seal, layout_basic,
          chequers_serial_rivers_room_b, nrook_mini_vaults,
          lightli_church_of_beogh
Temple:   cyrus_circular_temple
Lair:1:   layout_roguey, guppyfry_lair_drakes, uniq_grum, uniq_harold
Lair:2:   layout_regular_city, minmay_swamp_entry_worms
Lair:3:   layout_roguey
Lair:4:   layout_gridlike, spider_nest_entry_rubble, beast_lair_carwin_2
Lair:5:   layout_layer_cave, slime_altar_1, patterned_corridor,
          grunt_megastairs_2
Lair:6:   evilmike_catoblepas_cave, layout_regular_city, uniq_snorg
Swamp:1:  layout_basic_swamp, evilmike_swamp_ruin_house_6, swamp_pool3,
          nicolae_swamp_triple_paths, hangedman_swamp_diagram,
          infiniplex_staircase_pool, uniq_donald
Swamp:2:  layout_basic_swamp, hangedman_swamp_blocks
Swamp:3:  layout_basic_swamp, evilmike_swamp_ruin_house_5, swamp_pool3,
          st_shrine_of_shade
Swamp:4:  swamp_alternative, layout_basic_swamp, swamp_pool4,
          nicolae_swamp_fairy_circle
Spider:1: layout_spider_delve, spiders_nest_hornet_nest
Spider:2: layout_spider_delve, amcnicky_altar_lugonu_corruption, uniq_arachne,
          uniq_aizul
Spider:3: nicolae_spider_mines_1, nicolae_spider_cling_ruins,
          hangedman_spider_tarantella_strand, uniq_azrael, uniq_bai_suzhen
Spider:4: floodkiller_spider_rune_tomb, einodemon_crawler_minivault
Orc:1:    lemuel_ogre_cave, layout_caves, statue_in_the_mist_lemuel,
          hangedman_minor_magic, uniq_josephine
Orc:2:    st_orc_mages, layout_caves, serial_shops, nicolae_shop_statue_plus,
          nicolae_orc_stony_grotto
Depths:1: layout_gridlike, minivault_11, grunt_hell_entry_dis_grunt,
          serial_shops, shop, minivault_1, ice2_lemuel, uniq_asterion

Skill      XL: |  1  2  3  4  5  6  7  8  9 10 11 12 13 14 15 16 17 18 19 |
---------------+----------------------------------------------------------+-----
Stealth        | 3 4 5 6 7 8 9 11 12 13 15 16 | 16.5
Fighting       | 1 2 3 4 6 7 8 9 10 11 12 13 | 13.0
Dodging        | 2 3 4 5 6 7 8 9 |  9.0
Necromancy     | 5 6 9 11 12 14 15 16 17 | 17.8
Evocations     | 1 2 3 4 5 6 7 |  7.5
Shields        | 2 4 5 6 7 |  7.0
Short Blades   | 1 2 4 5 6 7 8 9 |  9.6
Throwing       | 1 2 |  2.0
Spellcasting   | 3 |  3.0
Armour         | 1 2 |  2.0
Earth Magic    | 1 5 6 7 8 9 |  9.7
Long Blades    | 3 5 7 |  7.7
Translocations | 2 3 |  3.0

Action                   |  1- 3 |  4- 6 |  7- 9 | 10-12 | 13-15 | 16-18 | 19-21 || total
-------------------------+-------+-------+-------+-------+-------+-------+-------++-------
Melee: Unarmed           |     2 |       |       |       |       |       |       ||     2
       Dagger            |    35 |   143 |   355 |   874 |  1403 |   326 |       ||  3136
       Bite              |    11 |    40 |   129 |   364 |   572 |   428 |    55 ||  1599
       Long sword        |       |       |       |    14 |   110 |       |       ||   124
       Double sword      |       |       |       |       |   115 |   780 |   126 ||  1021
Throw: Stone             |    15 |     7 |    32 |     1 |       |       |       ||    55
       Dart              |       |       |    16 |    39 |    11 |       |       ||    66
       Throwing net      |       |       |       |       |       |     1 |       ||     1
 Cast: Pain              |    57 |    39 |     4 |       |       |       |       ||   100
       Animate Skeleton  |     5 |     3 |     5 |     3 |       |       |       ||    16
       Vampiric Draining |       |     2 |     5 |    23 |    35 |     5 |       ||    70
       Agony             |       |       |       |    37 |    76 |    49 |     2 ||   164
       Animate Dead      |       |       |       |     1 |     4 |     8 |     1 ||    14
       Borgnjor's Vile C |       |       |       |       |    57 |   293 |    24 ||   374
       Apportation       |       |       |       |       |     1 |     2 |       ||     3
Invok: Receive Corpses   |       |       |       |       |       |     1 |     1 ||     2
 Abil: Evoke Flight      |       |       |       |       |       |     4 |       ||     4
Evoke: Wand              |       |       |       |    16 |     4 |    21 |     7 ||    48
       Condenser vane    |       |       |       |       |     1 |     2 |     1 ||     4
       Box of beasts     |       |       |       |       |     1 |     1 |     1 ||     3
       Phantom mirror    |       |       |       |       |       |     1 |       ||     1
  Use: Scroll            |       |     6 |     2 |    11 |    12 |    30 |     3 ||    64
       Potion            |       |     3 |       |     1 |     2 |     6 |     2 ||    14
 Stab: Sleeping          |     3 |     4 |     7 |    15 |    39 |    20 |     1 ||    89
       Distracted        |       |       |     2 |     1 |     4 |     9 |     2 ||    18
       Paralysed         |       |       |       |     1 |       |       |       ||     1
       Invisible         |       |       |       |       |     2 |       |     2 ||     4
       Held in net/web   |       |       |       |       |       |     1 |       ||     1
Armor: Robe              |     7 |       |       |    73 |     9 |       |       ||    89
       Animal skin       |       |    48 |    96 |    59 |       |       |       ||   203
       Leather armour    |       |       |       |       |   298 |   448 |    74 ||   820
       Ring mail         |       |       |       |       |     3 |       |       ||     3
Dodge: Dodged            |    15 |   109 |   164 |   505 |  1082 |  1339 |   190 ||  3404
Block: Buckler           |       |       |    54 |   206 |   328 |   508 |    80 ||  1176
       Rpst.: Long sword |       |       |       |     3 |    35 |       |       ||    38
       Double sword      |       |       |       |       |    26 |   204 |    32 ||   262
